TOP OF THE 1ST |
Las Vegas 51s batting - Pitching for Reno Aces : RHP Raul Sanchez
|
Pitching: RHP Raul Sanchez
|
|
Batting: RHB Jordan Martin
|
0-0: Ball 1-0: Ball 2-0: Ball 3-0: Called Strike 3-1: Swinging Strike 3-2: Strikes out swinging
|
Batting: LHB Adam Hairston
|
0-0: Called Strike 0-1: Ball 1-1: Ball 2-1: SINGLE (Groundball, 6MD, EV 98.1 MPH)
|
Batting: SHB Roberto Magne
|
0-0: Ball 1-0: Ball 2-0: Ball 3-0: Called Strike 3-1: Called Strike 3-2: Fly out, F8 (Line Drive, 8RM, EV 84.4 MPH)
|
Batting: SHB Billy Encinias
|
0-0: Ball 1-0: Foul Ball, location: 2F 1-1: Ball 2-1: Ball 3-1: Foul Ball, location: 2F 3-2: Foul Ball, location: 2F 3-2: Strikes out swinging
|
Top of the 1st over - 0 runs, 1 hit, 0 errors, 1 left on base; Las Vegas 0 - Reno 0 |
BOTTOM OF THE 1ST |
Reno Aces batting - Pitching for Las Vegas 51s : RHP Bryan Dorne
|
Pitching: RHP Bryan Dorne
|
|
Batting: RHB Scott Travis
|
0-0: Called Strike 0-1: Ball 1-1: Bunted foul 1-2: Foul Ball, location: 2F 1-2: Foul Ball, location: 2F 1-2: Ball 2-2: Ball 3-2: Base on Balls
|
Batting: SHB Warren Eisner
|
0-0: Called Strike 0-1: Ball 1-1: Ball Scott Travis is caught stealing 2nd base 2-6 2-1: SINGLE (Line Drive, 89M, EV 99.4 MPH)
|
Batting: LHB Roy Steigerwald
|
0-0: Ball 1-0: Ball Warren Eisner steals 2nd base (no throw) 2-0: Ball 3-0: DOUBLE (Flyball, 78D, EV 91.9 MPH) Warren Eisner scores
|
Batting: RHB Israel Gaona
|
0-0: Called Strike 0-1: Ground out 6-3 (Groundball, 6S, EV 83.8 MPH)
|
Batting: RHB Alex Vasquez
|
0-0: Ball 1-0: Swinging Strike 1-1: Foul Ball, location: 2F 1-2: Ball 2-2: Ball 3-2: Strikes out looking
|
Bottom of the 1st over - 1 run, 2 hits, 0 errors, 1 left on base; Las Vegas 0 - Reno 1 |
TOP OF THE 2ND |
Las Vegas 51s batting - Pitching for Reno Aces : RHP Raul Sanchez
|
Batting: LHB Marc Durgin
|
0-0: Called Strike 0-1: Swinging Strike 0-2: Foul Ball, location: 2F 0-2: Strikes out swinging
|
Batting: LHB Sal Fernandez
|
0-0: Called Strike 0-1: Ball 1-1: Swinging Strike 1-2: Foul Ball, location: 2F 1-2: Ball 2-2: Ball 3-2: Base on Balls
|
Batting: LHB Ben Goldstein
|
0-0: Ball 1-0: Ball 2-0: Called Strike 2-1: Ball 3-1: Swinging Strike 3-2: Strikes out swinging Sal Fernandez steals 2nd base Batter strikes out.
|
Batting: RHB Masaya Nakamura
|
0-0: Called Strike 0-1: Ball 1-1: SINGLE (Groundball, 6D, EV 105.6 MPH) Sal Fernandez to third Runner from 3rd tries for Home, SAFE, throw by CF to home
|
Batting: RHB Leon Edwards
|
0-0: Ground out U3 (Groundball, 34, EV 85.6 MPH)
|
Top of the 2nd over - 1 run, 1 hit, 0 errors, 1 left on base; Las Vegas 1 - Reno 1 |
BOTTOM OF THE 2ND |
Reno Aces batting - Pitching for Las Vegas 51s : RHP Bryan Dorne
|
Batting: SHB Troy Maynard
|
0-0: Ball 1-0: Ball 2-0: Ball 3-0: Called Strike 3-1: Base on Balls
|
Batting: RHB Juan Espinoza
|
0-0: SINGLE (Line Drive, 56D, EV 101.9 MPH) Troy Maynard to second
|
Batting: LHB Ruben Rocha
|
0-0: Hit by Pitch Troy Maynard to third Juan Espinoza to second
|
Batting: RHB Paul Van Gilder
|
0-0: Ball 1-0: Fly out, F7 (Flyball, 7, EV 91.9 MPH)
|
Batting: RHB Scott Travis
|
0-0: Foul Ball, location: 2F 0-1: Foul Ball, location: 2F 0-2: SINGLE (Groundball, 34S, EV 61.2 MPH) (infield hit) Troy Maynard scores Juan Espinoza to third Ruben Rocha to second
|
Batting: SHB Warren Eisner
|
0-0: SINGLE (Line Drive, 89S, EV 97.5 MPH) Juan Espinoza scores Ruben Rocha to third Scott Travis to second Runner from 3rd tries for Home, SAFE, throw by RF to home
|
Batting: LHB Roy Steigerwald
|
0-0: Called Strike 0-1: Ball 1-1: Ball 2-1: Ball 3-1: Foul Ball, location: 2F 3-2: Ground out 1-3 (Groundball, 13S, EV 66.2 MPH) Scott Travis to third Warren Eisner to second
|
Batting: RHB Israel Gaona
|
0-0: Called Strike 0-1: Ball 1-1: Swinging Strike 1-2: Ball 2-2: Ball 3-2: Foul Ball, location: 2F 3-2: Foul Ball, location: 2F 3-2: Ground out 4-3 (Groundball, 4, EV 79.4 MPH)
|
Bottom of the 2nd over - 3 runs, 3 hits, 0 errors, 2 left on base; Las Vegas 1 - Reno 4 |
TOP OF THE 3RD |
Las Vegas 51s batting - Pitching for Reno Aces : RHP Raul Sanchez
|
Batting: RHB Jordan Martin
|
0-0: Called Strike 0-1: Foul Ball, location: 2F 0-2: Ball 1-2: Ball 2-2: SINGLE (Flyball, 78S, EV 89.4 MPH)
|
Batting: LHB Adam Hairston
|
0-0: Ball 1-0: Ball 2-0: Foul Ball, location: 2F 2-1: Swinging Strike 2-2: Strikes out swinging
|
Batting: SHB Roberto Magne
|
0-0: Called Strike Jordan Martin steals 2nd, throwing error, E2 Jordan Martin to third 0-1: Ball 1-1: Foul Ball, location: 2F 1-2: Ball 2-2: Strikes out looking
|
Batting: SHB Billy Encinias
|
0-0: Foul Ball, location: 2F 0-1: Ball 1-1: Ball 2-1: Swinging Strike 2-2: Ball 3-2: Base on Balls
|
Batting: LHB Marc Durgin
|
0-0: Ball 1-0: Foul Ball, location: 2F 1-1: Swinging Strike 1-2: Strikes out swinging
|
Top of the 3rd over - 0 runs, 1 hit, 1 error, 2 left on base; Las Vegas 1 - Reno 4 |
BOTTOM OF THE 3RD |
Reno Aces batting - Pitching for Las Vegas 51s : RHP Bryan Dorne
|
Batting: RHB Alex Vasquez
|
0-0: Swinging Strike 0-1: Foul Ball, location: 2F 0-2: Ball 1-2: Strikes out swinging
|
Batting: SHB Troy Maynard
|
0-0: Ball 1-0: Called Strike 1-1: Foul Ball, location: 2F 1-2: Strikes out swinging
|
Batting: RHB Juan Espinoza
|
0-0: Called Strike 0-1: Ball 1-1: Fly out, F5 (Line Drive, 56, EV 87.5 MPH)
|
Bottom of the 3rd over - 0 runs, 0 hits, 0 errors, 0 left on base; Las Vegas 1 - Reno 4 |
TOP OF THE 4TH |
Las Vegas 51s batting - Pitching for Reno Aces : RHP Raul Sanchez
|
Batting: LHB Sal Fernandez
|
0-0: Ball 1-0: Foul Ball, location: 2F 1-1: Reached on error, E3 (Groundball, 34S, EV 78.8 MPH)
|
Batting: LHB Ben Goldstein
|
0-0: Grounds into double play, 6-4-3 (Groundball, 56, EV 88.8 MPH)
|
Batting: RHB Masaya Nakamura
|
0-0: Foul Ball, location: 2F 0-1: Called Strike 0-2: Strikes out swinging
|
Top of the 4th over - 0 runs, 0 hits, 1 error, 0 left on base; Las Vegas 1 - Reno 4 |
BOTTOM OF THE 4TH |
Reno Aces batting - Pitching for Las Vegas 51s : RHP Bryan Dorne
|
Batting: LHB Ruben Rocha
|
0-0: Called Strike 0-1: Called Strike 0-2: Strikes out swinging
|
Batting: RHB Paul Van Gilder
|
0-0: Fly out, F9 (Flyball, 9D, EV 90.6 MPH)
|
Batting: RHB Scott Travis
|
0-0: Called Strike 0-1: Called Strike 0-2: Ball 1-2: Ball 2-2: Foul Ball, location: 2F 2-2: SOLO HOME RUN (Flyball, 7D, EV 103.1 MPH), Distance : 397 ft
|
Pitching: LHP Brad Harris
|
|
Batting: SHB Warren Eisner
|
0-0: Ball 1-0: Ball 2-0: Called Strike 2-1: SINGLE (Groundball, 6MD, EV 105.6 MPH)
|
Batting: LHB Roy Steigerwald
|
0-0: Ball 1-0: Called Strike 1-1: DOUBLE (Flyball, 78D, EV 98.1 MPH) Warren Eisner to third Runner from 3rd tries for Home, SAFE, no throw by CF
|
Batting: RHB Israel Gaona
|
0-0: Ball 1-0: Fly out, F2 (Popup, 2LF, EV 90.6 MPH)
|
Bottom of the 4th over - 2 runs, 3 hits, 0 errors, 1 left on base; Las Vegas 1 - Reno 6 |
TOP OF THE 5TH |
Las Vegas 51s batting - Pitching for Reno Aces : RHP Raul Sanchez
|
Batting: RHB Leon Edwards
|
0-0: Ball 1-0: DOUBLE (Line Drive, 78M, EV 105.0 MPH)
|
Batting: RHB Jordan Martin
|
0-0: Ball 1-0: Called Strike 1-1: Ball 2-1: Ball 3-1: 2-RUN HOME RUN (Line Drive, 9D, EV 111.9 MPH), Distance : 409 ft
|
Batting: LHB Adam Hairston
|
0-0: Ball 1-0: SINGLE (Line Drive, 3D, EV 103.8 MPH)
|
Batting: SHB Roberto Magne
|
0-0: Ball 1-0: Called Strike Adam Hairston steals 2nd base 1-1: Ground out 4-3 (Groundball, 4, EV 96.9 MPH) Adam Hairston to third
|
Batting: SHB Billy Encinias
|
0-0: Foul Ball, location: 2F 0-1: Ball 1-1: Called Strike 1-2: Ball 2-2: Ball 3-2: Foul Ball, location: 2F 3-2: Fly out, F5 (Popup, 25F, EV 86.9 MPH)
|
Pitching: RHP Josh Pugh
|
|
Batting: LHB Marc Durgin
|
0-0: Called Strike 0-1: Ball 1-1: Foul Ball, location: 2F 1-2: Ball 2-2: Strikes out looking
|
Top of the 5th over - 2 runs, 3 hits, 0 errors, 1 left on base; Las Vegas 3 - Reno 6 |
BOTTOM OF THE 5TH |
Reno Aces batting - Pitching for Las Vegas 51s : LHP Brad Harris
|
Batting: RHB Alex Vasquez
|
0-0: Foul Ball, location: 2F 0-1: Ball 1-1: SINGLE (Groundball, 6MD, EV 95.0 MPH)
|
Batting: SHB Troy Maynard
|
0-0: Foul Ball, location: 2F 0-1: Called Strike 0-2: Strikes out looking
|
Batting: RHB Juan Espinoza
|
0-0: Called Strike 0-1: Foul Ball, location: 2F 0-2: Foul Ball, location: 2F 0-2: DOUBLE (Groundball, 5L, EV 105.0 MPH) Alex Vasquez to third Runner from 3rd tries for Home, SAFE, no throw by LF
|
Batting: LHB Ruben Rocha
|
0-0: Foul Ball, location: 2F 0-1: Reached on error, E3 (Groundball, 34, EV 88.1 MPH) Juan Espinoza to third
|
Batting: RHB Paul Van Gilder
|
0-0: Called Strike 0-1: Ball Wild Pitch! Juan Espinoza scores Ruben Rocha to second 1-1: Ball 2-1: Called Strike 2-2: Foul Ball, location: 2F 2-2: Foul Ball, location: 2F 2-2: Ground out 1-3 (Groundball, P, EV 70.0 MPH) Ruben Rocha to third
|
Batting: RHB Scott Travis
|
0-0: Ball 1-0: Ball 2-0: TRIPLE (Flyball, 9D, EV 103.8 MPH) Ruben Rocha scores
|
Pitching: RHP Eric Dighton
|
|
Batting: SHB Warren Eisner
|
0-0: Ball 1-0: Foul Ball, location: 2F 1-1: Fly out, F9 (Flyball, 9D, EV 100.6 MPH)
|
Bottom of the 5th over - 3 runs, 3 hits, 1 error, 1 left on base; Las Vegas 3 - Reno 9 |
TOP OF THE 6TH |
Las Vegas 51s batting - Pitching for Reno Aces : RHP Josh Pugh
|
Batting: LHB Sal Fernandez
|
0-0: Called Strike 0-1: Ball 1-1: Ground out U3 (Groundball, 3S, EV 85.0 MPH)
|
Batting: LHB Ben Goldstein
|
0-0: Fly out, F4 (Line Drive, 4, EV 60.6 MPH)
|
Batting: RHB Masaya Nakamura
|
0-0: Called Strike 0-1: Foul Ball, location: 2F 0-2: Strikes out swinging
|
Top of the 6th over - 0 runs, 0 hits, 0 errors, 0 left on base; Las Vegas 3 - Reno 9 |
BOTTOM OF THE 6TH |
Reno Aces batting - Pitching for Las Vegas 51s : RHP Eric Dighton
|
Batting: LHB Roy Steigerwald
|
0-0: SINGLE (Line Drive, 56D, EV 108.1 MPH)
|
Batting: RHB Israel Gaona
|
0-0: Foul Ball, location: 2F 0-1: Ball 1-1: Ball 2-1: Called Strike 2-2: Ball 3-2: Foul Ball, location: 2F 3-2: Reached via error on a dropped throw from 1B, E1 (Groundball, 13, EV 82.5 MPH) Roy Steigerwald to second
|
Batting: RHB Alex Vasquez
|
0-0: Ball 1-0: Ball 2-0: Called Strike 2-1: Ball 3-1: Swinging Strike 3-2: Foul Ball, location: 2F 3-2: Fly out, F8 (Flyball, 89S, EV 87.5 MPH)
|
Batting: SHB Troy Maynard
|
0-0: Called Strike 0-1: Ball 1-1: Foul Ball, location: 2F 1-2: Foul Ball, location: 2F 1-2: Strikes out looking
|
Batting: RHB Juan Espinoza
|
0-0: Called Strike 0-1: SINGLE (Flyball, 8RS, EV 90.0 MPH) Roy Steigerwald to third Israel Gaona to second Runner from 3rd tries for Home, SAFE, throw by CF to home
|
Batting: LHB Ruben Rocha
|
0-0: Ground out 4-3 (Groundball, 4MS, EV 71.9 MPH)
|
Bottom of the 6th over - 1 run, 2 hits, 1 error, 2 left on base; Las Vegas 3 - Reno 10 |
TOP OF THE 7TH |
Las Vegas 51s batting - Pitching for Reno Aces : RHP Josh Pugh
|
Batting: RHB Leon Edwards
|
0-0: Swinging Strike 0-1: Fly out, F3 (Popup, 23F, EV 83.8 MPH)
|
Batting: RHB Jordan Martin
|
0-0: Ball 1-0: Ball 2-0: Called Strike 2-1: Ball 3-1: Called Strike 3-2: Strikes out swinging
|
Pinch Hitting: LHB Phil Lomax
|
0-0: Ball 1-0: Foul Ball, location: 2F 1-1: Ball 2-1: Ground out 6-3 (Groundball, 6, EV 94.4 MPH)
|
Top of the 7th over - 0 runs, 0 hits, 0 errors, 0 left on base; Las Vegas 3 - Reno 10 |
BOTTOM OF THE 7TH |
Reno Aces batting - Pitching for Las Vegas 51s : RHP Eric Dighton
|
Now at 2B: Phil Lomax
|
|
Batting: RHB Paul Van Gilder
|
0-0: Called Strike 0-1: Swinging Strike 0-2: Ground out 4-3 (Groundball, 4, EV 85.6 MPH)
|
Batting: RHB Scott Travis
|
0-0: Called Strike 0-1: Ground out U3 (Groundball, 3, EV 88.8 MPH)
|
Batting: SHB Warren Eisner
|
0-0: Called Strike 0-1: Ground out U3 (Groundball, 23, EV 80.0 MPH)
|
Bottom of the 7th over - 0 runs, 0 hits, 0 errors, 0 left on base; Las Vegas 3 - Reno 10 |
TOP OF THE 8TH |
Las Vegas 51s batting - Pitching for Reno Aces : RHP Josh Pugh
|
Batting: SHB Roberto Magne
|
0-0: Foul Ball, location: 2F 0-1: Swinging Strike 0-2: SOLO HOME RUN (Flyball, 78XD, EV 103.8 MPH), Distance : 412 ft
|
Batting: SHB Billy Encinias
|
0-0: Swinging Strike 0-1: SINGLE (Groundball, 3L, EV 83.1 MPH) (infield hit)
|
Batting: LHB Marc Durgin
|
0-0: Foul Ball, location: 2F 0-1: Ball 1-1: Ball 2-1: DOUBLE (Groundball, 5L, EV 103.1 MPH) Billy Encinias to third
|
Batting: LHB Sal Fernandez
|
0-0: Called Strike 0-1: Ball 1-1: Called Strike 1-2: Foul Ball, location: 2F 1-2: Strikes out swinging
|
Batting: LHB Ben Goldstein
|
0-0: Ball 1-0: Ball 2-0: SINGLE (Line Drive, 4D, EV 94.4 MPH) Billy Encinias scores Marc Durgin to third
|
Pinch Hitting: SHB Josh Schultze
|
0-0: Foul Ball, location: 2F 0-1: Grounds into double play, 4-6-3 (Groundball, 4, EV 98.8 MPH)
|
Top of the 8th over - 2 runs, 4 hits, 0 errors, 1 left on base; Las Vegas 5 - Reno 10 |
BOTTOM OF THE 8TH |
Reno Aces batting - Pitching for Las Vegas 51s : RHP Eric Dighton
|
Now at 1B: Bob Montesano
|
|
Batting: LHB Roy Steigerwald
|
0-0: Called Strike 0-1: Ball 1-1: Foul Ball, location: 2F 1-2: Ball 2-2: Ball 3-2: Ground out 6-3 (Groundball, P, EV 88.1 MPH)
|
Batting: RHB Israel Gaona
|
0-0: Ball 1-0: Called Strike 1-1: Single, Error in OF, E8, batter to second base (Groundball, 6MD, EV 94.4 MPH)
|
Pitching: RHP Paul Schaecher
|
|
Batting: RHB Alex Vasquez
|
0-0: Called Strike 0-1: Ball 1-1: Swinging Strike 1-2: Ball 2-2: Ball 3-2: Ground out 4-3 (Groundball, 34, EV 81.2 MPH) Israel Gaona to third
|
Batting: SHB Troy Maynard
|
0-0: Ground out 4-3 (Groundball, 4, EV 86.9 MPH)
|
Bottom of the 8th over - 0 runs, 1 hit, 1 error, 1 left on base; Las Vegas 5 - Reno 10 |
TOP OF THE 9TH |
Las Vegas 51s batting - Pitching for Reno Aces : RHP Josh Pugh
|
Batting: RHB Leon Edwards
|
0-0: Ball 1-0: Ball 2-0: Ground out 1-3 (Groundball, 25, EV 66.9 MPH)
|
Batting: RHB Jordan Martin
|
0-0: Called Strike 0-1: Fly out, F7 (Flyball, 7LM, EV 96.2 MPH)
|
Batting: LHB Phil Lomax
|
0-0: Ball 1-0: Ball 2-0: Ground out U3 (Groundball, 34, EV 85.0 MPH)
|
Top of the 9th over - 0 runs, 0 hits, 0 errors, 0 left on base; Las Vegas 5 - Reno 10 |
|